 Dungeon Crawl Stone Soup version 0.28.0-1-gb440e238dd (webtiles) character file.

Game seed: 7801673186950473581

212 themarg the Covert (level 5, 0/38 HPs)
             Began as a Gnoll Wanderer on Feb 19, 2022.
             Slain by Blork the orc (8 damage)
             ... on level 4 of the Dungeon.
             The game lasted 00:11:31 (4921 turns).

themarg the Covert (Gnoll Wanderer)                 Turns: 4921, Time: 00:11:31

Health: 0/38       AC:  3    Str:  9    XL:     5   Next: 90%
Magic:  9/9        EV: 13    Int: 14    God:
Gold:   88         SH:  0    Dex: 13    Spells: 9/10 levels left

rFire   . . .      SeeInvis .   a - +0 long sword
rCold   . . .      Faith    .   (no shield)
rNeg    . . .      Spirit   .   c - +0 robe
rPois   .          Reflect  .   n - +0 hat
rElec   .          Harm     .   (no cloak)
rCorr   .          Rampage  .   (no gloves)
Will    .....                   b - +0 pair of boots
Stlth   ++++......              h - amulet of magic regeneration
HPRegen 0.12/turn               (no ring)
MPRegen 0.51/turn               (no ring)

@: no status effects
A: fangs 1, strong nose, distributed training
a: no special abilities


You were on level 4 of the Dungeon.
You visited 1 branch of the dungeon, and saw 4 of its levels.

You collected 88 gold pieces.

Inventory:

Hand Weapons
 a - a +0 long sword (weapon)
 g - a +0 hunting sling
Missiles
 p - 34 stones
 s - 25 sling bullets
Armour
 b - a +0 pair of boots (worn)
 c - a +0 robe (worn)
 n - a +0 hat (worn)
Jewellery
 h - an amulet of magic regeneration (around neck)
 k - a ring of willpower
Scrolls
 f - a scroll of fear
 j - 2 scrolls of identify
 l - a scroll of enchant weapon {unknown}
 m - a scroll of fog {unknown}
 r - a scroll of teleportation {unknown}
Potions
 d - a potion of flight {unknown}
 e - 2 potions of brilliance {unknown}
 i - a potion of attraction {unknown}
 o - 2 potions of curing {unknown}
 q - 2 potions of degeneration {unknown}


   Skills:
 + Level 1.6 Fighting
 + Level 1.6 Short Blades
 + Level 4.8 Long Blades
 + Level 1.6 Axes
 + Level 1.6 Maces & Flails
 + Level 1.6 Polearms
 + Level 1.6 Staves
 + Level 1.6 Slings
 + Level 1.6 Bows
 + Level 1.6 Crossbows
 + Level 1.6 Throwing
 + Level 1.6 Armour
 + Level 3.1 Dodging
 + Level 8.0 Stealth
 + Level 1.6 Shields
 + Level 1.6 Unarmed Combat
 + Level 3.2 Spellcasting
 + Level 1.3 Conjurations
 + Level 1.3 Hexes
 + Level 1.3 Summonings
 + Level 1.3 Necromancy
 + Level 1.3 Translocations
 + Level 1.3 Transmutations
 + Level 2.5 Fire Magic
 + Level 1.3 Ice Magic
 + Level 1.3 Air Magic
 + Level 1.3 Earth Magic
 + Level 1.3 Poison Magic
 + Level 3.2 Invocations
 + Level 1.6 Evocations


You had 9 spell levels left.
You knew the following spells:

 Your Spells              Type           Power      Damage    Failure   Level
a - Foxfire               Conj/Fire      28%        2x1d5     10%         1

Your spell library contained the following spells:

 Spells                   Type           Power      Damage    Failure   Level
 Inner Flame              Hex/Fire       7%         N/A       28%         3


Dungeon Overview and Level Annotations

Branches:
Dungeon (4/15)
 Temple: D:4-7

Altars:
Ru
Wu Jian

Shops:
D:4 !

Annotations:
D:4 Blork the orc


Innate Abilities, Weirdness & Mutations

You have very sharp teeth.
Your uncanny sense of smell can sniff out nearby items.
Your experience applies equally to all skills.


Message History

There is a stone staircase leading up here.
Casting: Foxfire (safe; 10% risk of failure)
Confirm with . or Enter, or press ? or * to list all spells.
You conjure some foxfire!
The foxfire hits Blork the orc.
Blork the orc is lightly wounded.
Blork the orc casts a cantrip, but nothing happens.
The foxfire hits Blork the orc but does no damage.
Blork the orc is lightly wounded.
Casting: Foxfire (safe; 10% risk of failure)
Confirm with . or Enter, or press ? or * to list all spells.
You conjure some foxfire!
You closely miss Blork the orc.
Blork the orc is lightly wounded.
The foxfire hits Blork the orc.
Blork the orc is lightly wounded.
The foxfire hits Blork the orc.
Blork the orc is moderately wounded.
Blork the orc hits you with a +0 hand axe of flaming.
Blork the orc burns you.
Casting: Foxfire (safe; 10% risk of failure)
Confirm with . or Enter, or press ? or * to list all spells.
You conjure some foxfire!
Blork the orc hits you with a +0 hand axe of flaming!
Blork the orc burns you.
Blork the orc barely misses your foxfire. x2
You hit Blork the orc.
Blork the orc is moderately wounded.
The foxfire hits Blork the orc.
Blork the orc is heavily wounded.
The foxfire hits Blork the orc.
Blork the orc is heavily wounded.
Blork the orc hits you with a +0 hand axe of flaming!
* * * LOW HITPOINT WARNING * * *
Blork the orc burns you.
* * * LOW HITPOINT WARNING * * *
There is a stone staircase leading up here.
Blork the orc screams, "I'll cover the dungeon with your blood!"
Blork the orc hits you with a +0 hand axe of flaming!
You die...

#### . #.
#...
#.###.##
#...
.......#
#..#
.......#
#..# #.<
#..# #..
#..#
#####..
#.o#
#......
#.@#
#⌠.⌠#.#
#..#
#.∩.#.#
#...
..⌠.⌠#.#
##.##
#....##.#
..#
....##
#.# .##
.... #.#
. .O.
#.... ..
#.#.#
#.#.#


You could see Blork the orc.

Vanquished Creatures
  A hound (D:3)
  An orc priest (D:3)
  A bullfrog skeleton (D:3)
  Jessica (D:2)
  2 adders (D:2)
  An ufetubus (D:3)
  A worm (D:2)
  A dart slug (D:2)
  6 orcs (D:3)
  8 endoplasms
  2 giant cockroaches
  4 hobgoblins
  3 kobolds
  A quokka (D:1)
  7 ball pythons
  10 bats
  5 frilled lizards
  6 goblins
  8 rats
69 creatures vanquished.

Vanquished Creatures (others)
  44 foxfires
44 creatures vanquished.

Grand Total: 113 creatures vanquished

Notes
Turn   | Place    | Note
-------+----------+-------------------------------------------
     0 | D:1      | themarg the Gnoll Wanderer began the quest for the Orb.
     0 | D:1      | themarg set off with the following items: a +0 long sword,
                  | a +0 pair of boots, a +0 robe; and the following spell
                  | memorised: Foxfire; and the following spells available to
                  | memorise: Inner Flame
     0 | D:1      | Reached XP level 1. HP: 13/13 MP: 4/4
   232 | D:1      | Reached XP level 2. HP: 12/19 MP: 5/5
   486 | D:1      | Found a faded altar of an unknown god.
   893 | D:1      | Reached XP level 3. HP: 24/25 MP: 7/7
  1389 | D:2      | Found a sacrificial altar of Ru.
  1911 | D:2      | Reached skill level 1 in Fighting
  1911 | D:2      | Reached skill level 1 in Short Blades
  1911 | D:2      | Reached skill level 1 in Axes
  1911 | D:2      | Reached skill level 1 in Maces & Flails
  1911 | D:2      | Reached skill level 1 in Polearms
  1911 | D:2      | Reached skill level 1 in Staves
  1911 | D:2      | Reached skill level 1 in Slings
  1911 | D:2      | Reached skill level 1 in Bows
  1911 | D:2      | Reached skill level 1 in Crossbows
  1911 | D:2      | Reached skill level 1 in Throwing
  1911 | D:2      | Reached skill level 1 in Armour
  1911 | D:2      | Reached skill level 1 in Shields
  1911 | D:2      | Reached skill level 1 in Unarmed Combat
  1911 | D:2      | Reached skill level 1 in Evocations
  1957 | D:2      | Reached XP level 4. HP: 24/32 MP: 8/8
  2369 | D:2      | Noticed Jessica
  2383 | D:2      | Killed Jessica
  2384 | D:2      | Reached skill level 1 in Conjurations
  2384 | D:2      | Reached skill level 1 in Hexes
  2384 | D:2      | Reached skill level 1 in Summonings
  2384 | D:2      | Reached skill level 1 in Necromancy
  2384 | D:2      | Reached skill level 1 in Translocations
  2384 | D:2      | Reached skill level 1 in Transmutations
  2384 | D:2      | Reached skill level 1 in Ice Magic
  2384 | D:2      | Reached skill level 1 in Air Magic
  2384 | D:2      | Reached skill level 1 in Earth Magic
  2384 | D:2      | Reached skill level 1 in Poison Magic
  3663 | D:3      | Reached XP level 5. HP: 37/37 MP: 9/9
  3717 | D:3      | Found an ornate altar of the Wu Jian Council.
  4673 | D:3      | Reached skill level 8 in Stealth
  4836 | D:4      | Found Pedebac's Distillery.
  4842 | D:4      | Noticed an ogre
  4911 | D:4      | Noticed Blork the orc
  4921 | D:4      | Slain by Blork the orc

Illustrated notes

Levels and vault maps discovered:
D:1:      onia_arrival_mini_spirals, layout_loops_ring, serial_rivers,
          chequers_serial_rivers_large_b, chequers_serial_rivers_micro_e,
          chequers_serial_rivers_micro_a, chequers_serial_rivers_small_b,
          chequers_serial_rivers_large_a, chequers_serial_rivers_micro_a,
          dreamdust_ecumenical_altar_angels_and_demons
D:2:      layout_loops_ring, basic_altar, serial_co_window_serial,
          co_window_of_opportunity_a, co_window_paths_b, co_window_cross_1,
          co_window_cross_1, co_window_of_opportunity_a, co_window_corner_a,
          co_window_broadway_a, co_window_unsneaky_path_d, co_window_broadway_c,
          co_window_corner_b, glass_columns_a, glass_columns_a, glass_columns_a,
          glass_columns_a, uniq_jessica
D:3:      layout_basic, pdpol_wu_jian_five_deadly_venoms
D:4:      layout_loops_ring, minmay_temple_entry_junction, serial_shops,
          shop_fountains, uniq_eustachio, uniq_menkaure, uniq_natasha,
          uniq_blork_the_orc

Skill      XL: |  1  2  3  4  5 |
---------------+----------------+-----
Fire Magic     | 2 |  2.5
Fighting       | 1 |  1.6
Short Blades   | 1 |  1.6
Axes           | 1 |  1.6
Maces & Flails | 1 |  1.6
Polearms       | 1 |  1.6
Staves         | 1 |  1.6
Slings         | 1 |  1.6
Bows           | 1 |  1.6
Crossbows      | 1 |  1.6
Throwing       | 1 |  1.6
Armour         | 1 |  1.6
Shields        | 1 |  1.6
Unarmed Combat | 1 |  1.6
Evocations     | 1 |  1.6
Spellcasting   | 3 |  3.2
Conjurations   | 1 |  1.3
Hexes          | 1 |  1.3
Summonings     | 1 |  1.3
Necromancy     | 1 |  1.3
Translocations | 1 |  1.3
Transmutations | 1 |  1.3
Ice Magic      | 1 |  1.3
Air Magic      | 1 |  1.3
Earth Magic    | 1 |  1.3
Poison Magic   | 1 |  1.3
Invocations    | 3 |  3.2
Dodging        | 3 |  3.1
Stealth        | 8 |  8.0
Long Blades    | |  4.8

Action                   |  1- 3 |  4- 6 || total
-------------------------+-------+-------++-------
Melee: Long sword        |    93 |    84 ||   177
       Bite              |    13 |     7 ||    20
       Punch             |     1 |     1 ||     2
 Cast: Foxfire           |     3 |    31 ||    34
  Use: Scroll            |       |     2 ||     2
 Stab: Sleeping          |    13 |     4 ||    17
Armor: Robe              |    20 |    18 ||    38
Dodge: Dodged            |    61 |    52 ||   113
